 Dungeon Crawl Stone Soup version 0.19.4-8-ga85b6b9 (webtiles) character file.

213 empire the Conjurer (level 5, -1/24 HPs)
             Began as a Spriggan Conjurer on Feb 8, 2017.
             Was an Initiate of Gozag.
             Slain by a leopard gecko (3 damage)
             ... on level 5 of the Dungeon.
             The game lasted 00:10:38 (3990 turns).

empire the Conjurer (Spriggan Conjurer)             Turns: 3990, Time: 00:10:38

Health: -1/24      AC:  2    Str:  4    XL:     5   Next: 59%
Magic:  0/12       EV: 18    Int: 23    God:    Gozag
Gold:   154        SH:  0    Dex: 16    Spells: 2 memorised, 8 levels left

rFire  + . .     SeeInvis +     a - +0 short sword
rCold  + . .     Gourm    .     d - +0 robe
rNeg   . . .     Faith    .     (shield restricted)
rPois  +         Spirit   +     (helmet restricted)
rElec  +         Reflect  .     (no cloak)
rCorr  +         Harm     .     (gloves unavailable)
MR     .....                    (boots unavailable)
Stlth  ++........               o - amulet of guardian spirit (curse)
                                (no ring)
                                (no ring)

@: brilliant, lethally poisoned (-1 -> -2), resistant, very slightly
contaminated, invisible, very quick
A: unfitting armour, see invisible, herbivore 3, speed 3, slow metabolism 2
a: Potion Petition, Call Merchant, Bribe Branch, Renounce Religion


You were on level 5 of the Dungeon.
You worshipped Gozag.
Gozag was aware of your devotion.
You were not hungry.

You visited 2 branches of the dungeon, and saw 6 of its levels.

You collected 197 gold pieces.
You paid 43 gold pieces to Gozag.

Inventory:

Hand Weapons
 a - a +0 short sword (weapon)
Armour
 d - a +0 robe (worn)
Jewellery
 o - a cursed amulet of guardian spirit (around neck)
 t - an uncursed ring of see invisible {unknown}
Wands
 h - a wand of slowing (36/48)
Scrolls
 e - 2 scrolls of remove curse {unknown}
 g - 6 scrolls of teleportation {unknown}
 r - a scroll of identify
 s - 2 scrolls of random uselessness {unknown}
Potions
 f - a potion of haste
 j - a potion of agility
 k - 2 potions of flight
 m - a potion of mutation
Books
 b - a book of Conjurations

   Spells                             Type                      Level
   a - Magic Dart                     Conjuration                  1
   b - Searing Ray                    Conjuration                  2
   c - Dazzling Spray                 Conjuration/Hexes            3
   d - Fulminant Prism                Conjuration/Hexes            4
   e - Iskenderun's Mystic Blast      Conjuration                  4
   f - Iskenderun's Battlesphere      Conjuration/Charms           5
 n - a book of Minor Magic

   Spells                             Type                      Level
   a - Magic Dart                     Conjuration                  1
   b - Blink                          Translocation                2
   c - Call Imp                       Summoning                    2
   d - Repel Missiles                 Charms/Air                   2
   e - Slow                           Hexes                        2
   f - Conjure Flame                  Conjuration/Fire             3
   g - Mephitic Cloud                 Conjuration/Poison/Air       3
Comestibles
 c - a bread ration


   Skills:
 - Level 3.0 Dodging
 - Level 3.0 Stealth
 - Level 4.0 Spellcasting
 - Level 4.1 Conjurations
 + Level 3.7 Hexes


You had 8 spell levels left.
You knew the following spells:

 Your Spells              Type           Power        Failure   Level  Hunger
a - Magic Dart            Conj           ####         1%          1    None
b - Dazzling Spray        Conj/Hex       #####.       1%          3    ##.....


Dungeon Overview and Level Annotations

Branches:
Dungeon (5/15)             Temple (1/1) D:4

Altars:
Cheibriados
Dithmenos
Elyvilon
Fedhas
Gozag
Kikubaaqudgha
Makhleb
Ru
Sif Muna
Uskayaw
Vehumet
Xom
Zin
The Shining One

Portals:
Sewer: D:5


Innate Abilities, Weirdness & Mutations

You are very small and have problems with some larger weapons.
You are too small for most types of armour.
You have supernaturally acute eyesight. (SInv)
You are a herbivore.
You cover ground extremely quickly.
You need consume almost no food.


Message History

You enter the shallow water.
Moving in this stuff is going to be slow. ...and don't expect to remain undetected.
You feel sick.
The leopard gecko hisses angrily.
The adder bites you.
* * * LOW HITPOINT WARNING * * *
The leopard gecko bites you but does no damage.
The leopard gecko closely misses you.
Casting: Magic Dart
Confirm with . or Enter, or press ? or * to list all spells.
Aiming: Magic Dart
Press: ? - help, Shift-Dir - straight line, f - leopard gecko
Aim: a leopard gecko The magic dart hits the leopard gecko.
The leopard gecko is heavily wounded.
The adder completely misses you. The leopard gecko misses you.
The adder barely misses you. The leopard gecko bites you.
You die...
Your body crumbles into a pile of gold.

*,,,,,##**,* *****,#.,,,* *****
*,,,,#.####* ********
*,,≈*********#,,*....,* ,,,,,,,*
*,≈≈≈,≈≈≈≈≈≈*#.,,,..#,*
******,****,*,≈≈≈≈≈≈≈,≈#.####.#,*
*,,,,,,,**#######..#...#<.#,,
*****,*,*,***##≈≈≈≈≈≈..#*#.#..###
,,,,,,*,*,**##ll@ll.s.####..s....
,,,,,,,,,,,,#.sS≈≈≈≈≈##.....>####
*******,,***#..#############o..#.
**,** #.≈≈≈≈≈≈≈≈≈#..##.....
*****,∩,* ##.lZ.≈o≈s≈≈...#.....
***,,,,,*,** ########.≈..........
,,,,,,,,*,,* *,*....##..#.##.#.#
,*,,,,,,**,** *,*#.[.......#<....
,*,,,,,$**,,***,*#.#.#####.#...#.


You could see an adder, 4 leopard geckos and 2 giant cockroaches.

Vanquished Creatures
  2 howler monkeys
  A hound skeleton (D:3)
  2 gnolls (D:3)
  2 adders
  2 dart slugs
  2 worms (D:2)
  3 leopard geckos
  3 giant cockroaches
  9 goblins
  12 hobgoblins
  4 jackals (D:2)
  A quokka (D:3)
  A ball python (D:2)
  9 bats
  6 frilled lizards
  A giant cockroach zombie (D:5)
  4 kobolds
  9 rats
73 creatures vanquished.

Vanquished Creatures (others)
  4 toadstools (D:1)
4 creatures vanquished.

Grand Total: 77 creatures vanquished

Notes
Turn   | Place    | Note
-------+----------+-------------------------------------------
     0 | D:1      | empire the Spriggan Conjurer began the quest for the Orb.
     0 | D:1      | Reached XP level 1. HP: 9/9 MP: 5/5
   180 | D:1      | Reached XP level 2. HP: 13/13 MP: 0/7
   394 | D:1      | You fall through a shaft!
   670 | D:1      | Reached XP level 3. HP: 16/16 MP: 5/8
  1352 | D:2      | Learned a level 3 spell: Dazzling Spray
  2340 | D:2      | Reached XP level 4. HP: 21/21 MP: 4/10
  2986 | D:3      | Found a hide-covered altar of Uskayaw.
  2989 | D:3      | Noticed a hand axe
  2990 | D:3      | Noticed a hand axe
  3069 | D:3      | Reached skill level 1 in Hexes
  3312 | D:4      | Found a staircase to the Ecumenical Temple.
  3320 | Temple   | Entered the Ecumenical Temple
  3520 | Temple   | Became a worshipper of Gozag Ym Sagoz the Greedy
  3714 | D:4      | Reached XP level 5. HP: 24/24 MP: 5/12
  3888 | D:5      | Entered Level 5 of the Dungeon
  3983 | D:5      | Found a glowing drain.
  3990 | D:5      | Slain by a leopard gecko

Skill      XL: |  1  2  3  4  5 |
---------------+----------------+-----
Conjurations   | 3 4 |  4.1
Spellcasting   | 3 4 |  4.0
Hexes          | 2 3 |  3.7
Dodging        | |  3.0
Stealth        | |  3.0

Action                   |  1- 3 |  4- 6 || total
-------------------------+-------+-------++-------
Melee: Dagger            |     3 |       ||     3
       Short sword       |     7 |     1 ||     8
 Cast: Magic Dart        |   104 |    83 ||   187
  Use: Scroll            |       |     8 ||     8
       Potion            |       |     5 ||     5
Armor: Robe              |     2 |     7 ||     9
Dodge: Dodged            |    22 |    76 ||    98
